 Dungeon Crawl Stone Soup version 0.28.0-53-g5a82cb258f (webtiles) character file.

Game seed: 18137021856132403676

1265 MisterFreud the Covert (level 8, -2/67 HPs)
             Began as a Gnoll Delver on July 24, 2022.
             Was an Initiate of Yredelemnul.
             Slain by a centaur warrior zombie (4 damage)
             ... on level 5 of the Dungeon.
             The game lasted 00:07:24 (5884 turns).

MisterFreud the Covert (Gnoll Delver)               Turns: 5884, Time: 00:07:26

Health: -2/67      AC:  6    Str: 12    XL:     8   Next: 52%
Magic:  13/13      EV: 13    Int: 12    God:    Yredelemnul [......]
Gold:   298        SH:  0    Dex: 13    Spells: 13/13 levels left

rFire   . . .      SeeInvis .   a - +0 short sword
rCold   . . .      Faith    .   (no shield)
rNeg    . . .      Spirit   .   r - +2 leather armour of Catatonia {rElec}
rPois   .          Reflect  .   (no helmet)
rElec   +          Harm     .   (no cloak)
rCorr   .          Rampage  .   u - +0 pair of gloves
Will    .....                   (no boots)
Stlth   ++++......              (no amulet)
HPRegen 0.21/turn               (no ring)
MPRegen 0.13/turn               (no ring)

@: no status effects
A: fangs 1, strong nose, distributed training
a: Renounce Religion, Recall Undead Harvest


You were on level 5 of the Dungeon.
You worshipped Yredelemnul.
Yredelemnul was noncommittal.
You visited 1 branch of the dungeon, and saw 6 of its levels.

You collected 298 gold pieces.

Inventory:

Hand Weapons
 a - a +0 short sword (weapon)
 i - a +2 scythe of flaming
Missiles
 p - 5 poisoned darts (quivered)
Armour
 b - a +0 leather armour
 r - the +2 leather armour of Catatonia (worn) {rElec}
   (You found it on level 4 of the Dungeon)

   rElec:     It insulates you from electricity.
 u - a +0 pair of gloves (worn)
Jewellery
 q - a +6 ring of intelligence
Wands
 g - a wand of digging (3)
 s - a wand of iceblast (5)
Scrolls
 c - 3 scrolls of fog
 d - 2 scrolls of magic mapping
 e - 3 scrolls of fear
Potions
 f - a potion of haste
 j - a potion of mutation {unknown}
 k - 5 potions of curing
 l - 2 potions of resistance
 m - a potion of berserk rage
 n - a potion of flight
 o - a potion of brilliance
 t - a potion of magic {unknown}


   Skills:
 + Level 7.4 Fighting
 + Level 5.7 Short Blades
 + Level 3.3 Long Blades
 + Level 3.3 Axes
 + Level 3.3 Maces & Flails
 + Level 3.3 Polearms
 + Level 3.3 Staves
 + Level 3.3 Slings
 + Level 3.3 Bows
 + Level 3.3 Crossbows
 + Level 3.3 Throwing
 + Level 3.3 Armour
 + Level 5.7 Dodging
 + Level 10.2 Stealth
 + Level 3.3 Shields
 + Level 3.3 Unarmed Combat
 + Level 3.3 Spellcasting
 + Level 2.7 Conjurations
 + Level 2.7 Hexes
 + Level 2.7 Summonings
 + Level 2.7 Necromancy
 + Level 2.7 Translocations
 + Level 2.7 Transmutations
 + Level 2.7 Fire Magic
 + Level 2.7 Ice Magic
 + Level 2.7 Air Magic
 + Level 2.7 Earth Magic
 + Level 2.7 Poison Magic
 + Level 3.7 Invocations
 + Level 3.3 Evocations


You had 13 spell levels left.
You didn't know any spells.
Your spell library was empty.

Dungeon Overview and Level Annotations

Branches:
Dungeon (6/15)             Temple (0/1) D:4

Altars:
Yredelemnul


Innate Abilities, Weirdness & Mutations

You have very sharp teeth.
Your uncanny sense of smell can sniff out nearby items.
Your experience applies equally to all skills.


Message History

You feel much better. The centaur warrior zombie misses you.
The centaur warrior zombie barely misses you.
Unknown command.
You hit the centaur warrior zombie.
The centaur warrior zombie is moderately damaged.
The centaur warrior zombie closely misses you.
The centaur warrior zombie barely misses you.
Your sky beast zombie hits the centaur warrior zombie.
You hit the centaur warrior zombie.
The centaur warrior zombie is heavily damaged.
The centaur warrior zombie hits you.
* * * LOW HITPOINT WARNING * * *
The centaur warrior zombie closely misses you.
Your sky beast zombie hits the centaur warrior zombie.
Unknown command.
You hit the centaur warrior zombie.
You bite the centaur warrior zombie, but do no damage.
The centaur warrior zombie is heavily damaged.
The centaur warrior zombie hits you.
* * * LOW HITPOINT WARNING * * *
The centaur warrior zombie kicks you.
* * * LOW HITPOINT WARNING * * *
You hit the centaur warrior zombie.
The centaur warrior zombie is heavily damaged.
The centaur warrior zombie misses you.
The centaur warrior zombie kicks you but does no damage.
Your sky beast zombie completely misses the centaur warrior zombie.
Unknown command.
You hit the centaur warrior zombie but do no damage.
The centaur warrior zombie is heavily damaged.
The centaur warrior zombie hits you but does no damage.
The centaur warrior zombie completely misses you.
Your sky beast zombie hits the centaur warrior zombie.
You barely miss the centaur warrior zombie.
The centaur warrior zombie is severely damaged.
The centaur warrior zombie hits you!
* * * LOW HITPOINT WARNING * * *
The centaur warrior zombie misses you. The centaur warrior zombie hits you.
You die...
Your body rises from the dead as a mindless zombie.

∆ .# .. #.............. # #
##...# #.............. ...#..
#....###.............. .#.#.#
#..#.#.#.............. .#.#.#
###..#.##...........# #.#...#
#..#..# #......<....#
.##...####..#.###...>.......#
.#..#..#.#....Z##...........#
...###.....8.8.Z@....(###########
.#..#..#.#)....##................
.##...####..#.########...........
#.#...# #..#..#.# #...........
#.#)#.# ###..#.# #...<.......
#Z#.#.#.##..#.#.# ##.....#####
#WZ.#...##....#########.....#####
##Z.#..# ##...# #...)'..........
##.Z.W# #.#...# #.####).........


You could see a centaur warrior zombie (ally target) and a friendly sky beast
zombie.

Vanquished Creatures
  Sigmund (D:6)
  An ice beast (D:5)
  A black bear (D:5)
  A sky beast (D:5)
  2 ogres
  A phantom (D:5)
  A bullfrog (D:4)
  A jelly (D:5)
  A bullfrog zombie (D:5)
  2 bullfrog skeletons
  3 hounds
  A centaur skeleton (D:4)
  An orc priest (D:4)
  A scorpion zombie (D:5)
  An iguana (D:5)
  An orc wizard (D:4)
  A killer bee zombie (D:3)
  A hound skeleton (D:4)
  3 adders
  A white imp (D:5)
  An adder zombie (D:2)
  3 dart slugs
  10 orcs
  6 ball pythons
  A bat skeleton (D:2)
  An endoplasm (D:2)
  7 giant cockroaches
  5 hobgoblins
  2 quokkas
  2 bats (D:1)
  3 frilled lizards
  A jackal zombie (D:2)
  2 kobolds (D:1)
  3 rats
73 creatures vanquished.

Vanquished Creatures (collateral kills)
  A scorpion zombie (D:5)
  A gnoll (D:5)
  An adder (D:2)
  An adder skeleton (D:4)
  An adder zombie (D:5)
  3 orcs (D:4)
  3 endoplasms
  A kobold (D:1)
  A ball python (D:2)
  A ball python zombie (D:2)
  An orc zombie (D:4)
15 creatures vanquished.

Vanquished Creatures (others)
  2 hound zombies (D:5)
  A spectral white imp (D:5)
  A gnoll zombie (D:5)
  A ball python zombie (D:4)
  A giant cockroach zombie (D:4)
  4 orc zombies
  A spectral endoplasm (D:4)
  2 withered plants (D:2)
13 creatures vanquished.

Grand Total: 101 creatures vanquished

Notes
Turn   | Place    | Note
-------+----------+-------------------------------------------
     0 | D:5      | Reached skill level 9 in Stealth
     0 | D:5      | MisterFreud the Gnoll Delver began the quest for the Orb.
     0 | D:5      | Reached XP level 1. HP: 23/23 MP: 1/1
    23 | D:6      | Noticed Sigmund
    29 | D:6      | Killed Sigmund
    30 | D:6      | Reached skill level 1 in Long Blades
    30 | D:6      | Reached skill level 1 in Axes
    30 | D:6      | Reached skill level 1 in Maces & Flails
    30 | D:6      | Reached skill level 1 in Polearms
    30 | D:6      | Reached skill level 1 in Staves
    30 | D:6      | Reached skill level 1 in Slings
    30 | D:6      | Reached skill level 1 in Bows
    30 | D:6      | Reached skill level 1 in Crossbows
    30 | D:6      | Reached skill level 1 in Throwing
    30 | D:6      | Reached skill level 1 in Armour
    30 | D:6      | Reached skill level 1 in Shields
    30 | D:6      | Reached skill level 1 in Unarmed Combat
    30 | D:6      | Reached skill level 1 in Spellcasting
    30 | D:6      | Reached skill level 1 in Conjurations
    30 | D:6      | Reached skill level 1 in Hexes
    30 | D:6      | Reached skill level 1 in Summonings
    30 | D:6      | Reached skill level 1 in Necromancy
    30 | D:6      | Reached skill level 1 in Translocations
    30 | D:6      | Reached skill level 1 in Transmutations
    30 | D:6      | Reached skill level 1 in Fire Magic
    30 | D:6      | Reached skill level 1 in Ice Magic
    30 | D:6      | Reached skill level 1 in Air Magic
    30 | D:6      | Reached skill level 1 in Earth Magic
    30 | D:6      | Reached skill level 1 in Poison Magic
    30 | D:6      | Reached skill level 1 in Invocations
    30 | D:6      | Reached skill level 1 in Evocations
    30 | D:6      | Reached XP level 2. HP: 29/29 MP: 2/4
    30 | D:6      | Reached XP level 3. HP: 35/35 MP: 2/5
    30 | D:6      | Reached XP level 4. HP: 41/41 MP: 2/6
    30 | D:6      | Reached XP level 5. HP: 47/47 MP: 2/7
    36 | D:5      | Noticed a black bear
    38 | D:5      | Killed a black bear
    39 | D:5      | Reached XP level 6. HP: 53/53 MP: 2/8
   477 | D:2      | Found a faded altar of an unknown god.
   485 | D:2      | Prayed at the altar of an unknown god.
   485 | D:2      | Became a worshipper of Yredelemnul the Dark
   485 | D:2      | Reached * piety under Yredelemnul
   544 | D:1      | Reached skill level 5 in Short Blades
   544 | D:1      | Reached skill level 5 in Dodging
  3011 | D:4      | Found a staircase to the Ecumenical Temple.
  3082 | D:4      | Reached XP level 7. HP: 7/60 MP: 10/10
  3402 | D:4      | Identified the +2 leather armour of Catatonia {rElec}
  4091 | D:5      | Reached skill level 10 in Stealth
  4589 | D:5      | Reached XP level 8. HP: 63/67 MP: 12/12
  4677 | D:5      | Reached ** piety under Yredelemnul
  4705 | D:5      | HP: 1/67 [phantom (6)]
  5487 | D:6      | Noticed a komodo dragon
  5884 | D:5      | HP: 2/67 [centaur warrior zombie (9)]
  5884 | D:5      | Slain by a centaur warrior zombie

Illustrated notes

Levels and vault maps discovered:
D:1:      zaba_arrival_water, layout_basic, serial_co_window_serial,
          co_window_paths_b, co_window_cross_1, co_window_cross_1,
          co_window_paths_a, co_window_paths_b, co_window_paths_a,
          co_window_of_opportunity_a, co_window_of_opportunity_a,
          co_window_paths_b, co_window_broadway_a, co_window_broadway_b,
          co_window_corner_cb, glass_columns_a, glass_columns_a,
          glass_columns_a, glass_columns_a, glass_columns_a
D:2:      layout_basic, ebering_ecumenical_altar_sacrificial, serial_undead,
          serial_undead_d, serial_undead_d, serial_undead_e, serial_undead_c,
          serial_undead_e, serial_undead_e, st_stairs_2
D:3:      layout_loops_corners, minivault_23, lightli_corner_chamber
D:4:      layout_rooms, temple_doors_e, chequers_avenue,
          minmay_misc_feat_enclosed, hangedman_decor_riveting
D:5:      wad_crossroads, layout_basic, minmay_fractal_squares_5
D:6:      layout_basic, minmay_chambers_of_fives, uniq_sigmund, uniq_eustachio

Skill      XL: |  1  2  3  4  5  6  7  8 |
---------------+-------------------------+-----
Stealth        | 10 | 10.2
Long Blades    | 1 2 3 |  3.3
Axes           | 1 2 3 |  3.3
Maces & Flails | 1 2 3 |  3.3
Polearms       | 1 2 3 |  3.3
Staves         | 1 2 3 |  3.3
Slings         | 1 2 3 |  3.3
Bows           | 1 2 3 |  3.3
Crossbows      | 1 2 3 |  3.3
Throwing       | 1 2 3 |  3.3
Armour         | 1 2 3 |  3.3
Shields        | 1 2 3 |  3.3
Unarmed Combat | 1 2 3 |  3.3
Spellcasting   | 1 2 3 |  3.3
Conjurations   | 1 2 |  2.7
Hexes          | 1 2 |  2.7
Summonings     | 1 2 |  2.7
Necromancy     | 1 2 |  2.7
Translocations | 1 2 |  2.7
Transmutations | 1 2 |  2.7
Fire Magic     | 1 2 |  2.7
Ice Magic      | 1 2 |  2.7
Air Magic      | 1 2 |  2.7
Earth Magic    | 1 2 |  2.7
Poison Magic   | 1 2 |  2.7
Invocations    | 1 2 3 |  3.7
Evocations     | 1 2 3 |  3.3
Short Blades   | 5 |  5.7
Dodging        | 5 |  5.7
Fighting       | 7 |  7.4

Action                   |  1- 3 |  4- 6 |  7- 9 || total
-------------------------+-------+-------+-------++-------
Melee: Short sword       |     2 |   170 |   269 ||   441
       Bite              |       |    17 |    37 ||    54
       Punch             |       |     4 |    10 ||    14
Throw: Dart              |       |     2 |       ||     2
Invok: Recall Undead Har |       |       |     1 ||     1
  Use: Scroll            |       |     4 |     4 ||     8
       Potion            |       |       |     1 ||     1
 Stab: Sleeping          |     2 |    20 |     2 ||    24
       Distracted        |       |       |     2 ||     2
Armor: Leather armour    |       |    33 |    75 ||   108
Dodge: Dodged            |       |    96 |   146 ||   242
